 Dungeon Sprint DCSS version 0.29-a0-870-g2c972031a6 (webtiles) character file.

Game seed: 1543100719565949028

119879 mhtbhm the Gargoyle Barricade (level 16, -1/128 HPs)
             Began as a Gargoyle Fighter on July 17, 2022.
             Was the Champion of Qazlal.
             Slain by Ignacio
             ... wielding a +3 executioner's axe of pain
              (2 damage)
             ... in the Dungeon (Sprint VII: "The Pits").
             The game lasted 00:26:27 (9209 turns).

mhtbhm the Gargoyle Barricade (Gargoyle Fighter)    Turns: 9209, Time: 00:26:27

Health: -1/128     AC: 51    Str: 33    XL:     16   Next: 80%
Magic:  18/29      EV: 10    Int: 10    God:    Qazlal [******]
Gold:   67         SH: 27    Dex: 13    Spells: 15/15 levels left

rFire   + + .      SeeInvis +   a - +4 demon whip (elec)
rCold   + + .      Faith    .   c - +3 warlock's mirror {reflect}
rNeg    + + .      Spirit   .   b - +7 gold dragon scales rPois โˆž Reflect +
                                n - +0 hat {Will+}
rElec   +          Harm     .   t - +0 cloak
rCorr   +          Rampage  .   (no gloves)
Will    ++++.      NoTele   +   h - +1 pair of boots
Stlth   ..........              J - amulet "Makhla Mowex" {Reflect rC+ Will+ Str+2 SH+5}
HPRegen 0.31/turn               E - ring of Seoz Fai {rF+ Will+ rCorr Str+4 Dex+4}
MPRegen 0.21/turn               m - ring of the Inviting Gods {+Blink rPois rN+ SInv}

@: protected from physical damage, flying, hasted, studying Axes, repel
missiles, very quick
A: sickness immunity, AC +12, big wings, negative energy resistance 1,
electricity resistance, torment resistance 1, petrification resistance
a: Renounce Religion, Evoke Blink, Upheaval, Elemental Force, Disaster Area


You were in the Dungeon.
You worshipped Qazlal.
Qazlal was exalted by your worship.
You visited 1 branch You collected 67 gold pieces.

Inventory:

Hand Weapons
 a - a +4 demon whip of electrocution (weapon)
 f - a +3 demon whip of draining
 j - a +5 great mace of holy wrath
Armour
 b - +7 gold dragon scales (worn)
 c - the +3 warlock's mirror (worn) {reflect}
   (You found it in the Dungeon)

   It can block and reflect piercing ranged attacks and magical attacks against
   the wielder's willpower.
 h - a +1 pair of boots (worn)
 n - a +0 hat of willpower (worn)
 t - a +0 cloak (worn)
Jewellery
 m - the ring of the Inviting Gods (right hand) {+Blink rPois rN+ SInv}
   (You found it in the Dungeon)

   [ring of poison resistance]

   rPois:     It protects you from poison.
   rN:        It protects you from negative energy.
   SInv:      It lets you see invisible.
   +Blink:    It lets you blink.
 o - the ring "Ahuas" {rF+ Will+ Dex+4 SInv}
   (You found it in the Dungeon)

   [ring of see invisible]

   Dex:       It affects your dexterity (+4).
   rF:        It protects you from fire.
   SInv:      It lets you see invisible.
   Will:      It increases your willpower.
 r - the ring "Ypnui" {rPois rN+ Str-3 Int+4 Dex+3 Slay+5}
   (You found it in the Dungeon)

   [ring of positive energy]

   Str:       It affects your strength (-3).
   Int:       It affects your intelligence (+4).
   Dex:       It affects your dexterity (+3).
   Slay:      It affects your accuracy & damage with ranged weapons and melee
   (+5).
   rPois:     It protects you from poison.
   rN:        It protects you from negative energy.
 u - the ring of Lust {rN++ Will+}
   (You found it in the Dungeon)

   [ring of willpower]

   rN:        It greatly protects you from negative energy.
   Will:      It increases your willpower.
 E - the ring of Seoz Fai (left hand) {rF+ Will+ rCorr Str+4 Dex+4}
   (You found it in the Dungeon)

   [ring of resist corrosion]

   Str:       It affects your strength (+4).
   Dex:       It affects your dexterity (+4).
   rF:        It protects you from fire.
   rCorr:     It protects you from acid and corrosion.
   Will:      It increases your willpower.
 I - the ring "Piuralu" {Drain rElec rF+ Will+ Str+7}
   (You found it in the Dungeon)

   [ring of protection from fire]

   Str:       It affects your strength (+7).
   rF:        It protects you from fire.
   rElec:     It insulates you from electricity.
   Drain:     It drains your maximum health when unequipped.
   Will:      It increases your willpower.
 J - the amulet "Makhla Mowex" (around neck) {Reflect rC+ Will+ Str+2 SH+5}
   (You found it in the Dungeon)

   [amulet of reflection]

   It reflects blocked missile attacks.
   Str:       It affects your strength (+2).
   rC:        It protects you from cold.
   SH:        It affects your SH (+5).
   Will:      It increases your willpower.
 L - the ring of Asypromm {Str+4 Dex+6 Slay+5}
   (You found it in the Dungeon)

   [ring of slaying]

   Str:       It affects your strength (+4).
   Dex:       It affects your dexterity (+6).
   Slay:      It affects your accuracy & damage with ranged weapons and melee
   (+5).
 O - the ring of Siowkio {Str+2 Slay+5 Stlth+}
   (You found it in the Dungeon)

   [ring of slaying]

   Str:       It affects your strength (+2).
   Slay:      It affects your accuracy & damage with ranged weapons and melee
   (+5).
   Stlth:     It makes you more stealthy.
 Q - the amulet "Nociv" {RegenMP Drain rF+++ Int-2 Slay+6}
   (You found it in the Dungeon)

   [amulet of magic regeneration]

   It increases your rate of magic regeneration.
   Int:       It affects your intelligence (-2).
   Slay:      It affects your accuracy & damage with ranged weapons and melee
   (+6).
   rF:        It renders you almost immune to fire.
   Drain:     It drains your maximum health when unequipped.
Wands
 i - a wand of mindburst (8)
 s - a wand of charming (4)
Scrolls
 k - 6 scrolls of amnesia
 v - 3 scrolls of fear
 y - 4 scrolls of identify
 z - a scroll of fog
Potions
 d - 4 potions of magic
 q - 5 potions of mutation
 D - 2 potions of brilliance


   Skills:
 + Level 24.6 Fighting
 + Level 23.7 Maces & Flails
 + Level 2.1 Throwing
 + Level 23.5 Armour
 + Level 4.8 Dodging
 + Level 12.6 Stealth
 O Level 27 Shields
 + Level 19.6 Invocations
 + Level 3.7 Evocations


You had 15 spell levels left.
You didn't know any spells.
Your spell library contained the following spells:

 Spells                   Type           Power      Damage    Failure   Level
 Foxfire                  Conj/Fire      0%         2x1d4     93%         1
 Freeze                   Ice            0%         1d3       93%         1
 Slow                     Hex            0%         N/A       93%         1
 Blink                    Tloc           0%         N/A       98%         2
 Poisonous Vapours        Pois/Air       0%         N/A       98%         2
 Static Discharge         Conj/Air       0%         3-3/arc   98%         2
 Conjure Flame            Conj/Fire      0%         6-21      100%        3
 Dazzling Flash           Conj/Hex       0%         N/A       100%        3
 Frozen Ramparts          Ice            0%         1d2       100%        3
 Gell's Gravitas          Tloc           0%         N/A       100%        3
 Inner Flame              Hex/Fire       0%         N/A       100%        3
 Lesser Beckoning         Tloc           0%         N/A       100%        3
 Stone Arrow              Conj/Erth      0%         3d7       100%        3
 Teleport Other           Tloc           0%         N/A       100%        3
 Anguish                  Hex/Necr       0%         N/A       100%        4
 Animate Armour           Summ/Erth      0%         N/A       100%        4
 Corpse Rot               Necr/Pois/Air  0%         N/A       100%        4
 Dispel Undead            Necr           0%         3d6       100%        4
 Flame Wave               Conj/Fire      0%         2d4       100%        4
 Hailstorm                Conj/Ice       0%         3d3       100%        4
 Ice Form                 Ice/Tmut       0%         N/A       100%        4
 Iskenderun's Mystic Bla  Conj/Tloc      0%         2d3       100%        4
 Leda's Liquefaction      Hex/Erth       0%         N/A       100%        4
 Passage of Golubria      Tloc           0%         N/A       100%        4
 Summon Ice Beast         Ice/Summ       0%         N/A       100%        4
 Summon Lightning Spire   Summ/Air       0%         N/A       100%        4
 Lee's Rapid Deconstruct  Erth           0%         3d5*      100%        5
 Lightning Bolt           Conj/Air       0%         1d11      100%        5
 Manifold Assault         Tloc           0%         N/A       100%        5
 Silence                  Hex/Air        0%         N/A       100%        5
 Summon Forest            Summ/Tloc      0%         N/A       100%        5
 Summon Mana Viper        Hex/Summ       0%         N/A       100%        5
 Death Channel            Necr           0%         N/A       100%        6
 Simulacrum               Ice/Necr       0%         N/A       100%        6
 Starburst                Conj/Fire      0%         6d3       100%        6
 Monstrous Menagerie      Summ           0%         N/A       100%        7
 Storm Form               Tmut/Air       0%         N/A       100%        7
 Borgnjor's Revivificati  Necr           0%         N/A       100%        8
 Lehudib's Crystal Spear  Conj/Erth      0%         10d2      100%        8
 Maxwell's Capacitive Co  Air            0%         โˆž       100%        8
 Necromutation            Tmut/Necr      0%         N/A       100%        8
 Death's Door             Necr           0%         N/A       100%        9
 Fire Storm               Conj/Fire      0%         5d1       100%        9
 Polar Vortex             Ice            0%         N/A       100%        9
 Statue Form              Tmut/Erth      Unusable   N/A       N/A         6

Dungeon Overview and Level Annotations

Branches:
Dungeon (1/1)

Altars:
Ashenzari
Cheibriados
Dithmenos
Elyvilon
Fedhas
Gozag
Hepliaklqana
Kikubaaqudgha
Makhleb
Nemelex Xobeh
Okawaru
Qazlal
Ru
Sif Muna
Trog
Uskayaw
Vehumet
Wu Jian
Xom
Yredelemnul
Zin
The Shining One
Jiyva
Lugonu

Annotations:
D Ignacio


Innate Abilities, Weirdness & Mutations

You are immune to sickness and miasma.
Your stone body is resilient. (AC +12)
You are immune to poison.
Your large and strong wings let you fly.
You resist negative energy. (rN+)
You are resistant to electric shocks. (rElec)
You are resistant to unholy torment.
You are immune to petrification.


Message History

The blizzard demon is flash-frozen.
You block Ignacio's attack. Ignacio hits you but does no damage.
You writhe in agony.
* * * LOW HITPOINT WARNING * * *
Ignacio hits you but does no damage.
You writhe in agony.
* * * LOW HITPOINT WARNING * * *
Ignacio closely misses you. Ignacio hits you but does no damage.
Ignacio hits your fire elemental with a +3 executioner's axe of pain!!
You block Ignacio's attack.
Ignacio hits your fire elemental with a +3 executioner's axe of pain.
Ignacio hits you but does no damage.
You writhe in agony.
* * * LOW HITPOINT WARNING * * *
Ignacio completely misses your fire elemental.
Ignacio hits you but does no damage.
You writhe in agony.
* * * LOW HITPOINT WARNING * * *
Ignacio hits your fire elemental with a +3 executioner's axe of pain!
Your fire elemental is destroyed!
Your fire elemental disappears in a puff of smoke!
Unknown command.
Unknown command.
Unknown command.
Aiming: Upheaval
Press: ? - help, Dir - move target, f - blizzard demon
Aim: a blizzard demon (heavily wounded, encased in ice) That beam is likely to hit you.
Continue anyway?
Okay, then.
Unknown command.
Unknown command.
Aiming: Upheaval
Press: ? - help, Dir - move target, p - blizzard demon The ground shakes violently, spewing rubble!
The blast of rubble hits the blizzard demon!
The blizzard demon is severely wounded.
Ignacio hits you with a +3 executioner's axe of pain!
* * * LOW HITPOINT WARNING * * *
You feel more protected from physical attacks.
You block Ignacio's attack.
Ignacio hits you with a +3 executioner's axe of pain.
* * * LOW HITPOINT WARNING * * *
You writhe in agony.
You die...

.........#
.........#
########'# ## ###
### #'# ##.
##.###.#####.# ..
#...')..'.##)#
2###.###.#####.#
#1.##'.###.###'#
#@ยง.#...#...##.#
##.โ—‹##.##')#
#'# #'#.#'#.#'#
#.#
##.###.###.###'#
#.[.)...#...##.#
##'.'##.'#'.###'#
#.###.###.#'# #.#
##).###.###.###'#
#...'..)'...##.##


You could see Ignacio (fast, frozen) and a blizzard demon (frozen).

Vanquished Creatures
  2 ancient liches (D)
  Mennas (D)
  Mara (D)
  2 royal mummies (D)
  3 pandemonium lords (D)
  Margery (D)
  A golden dragon (D)
  Nikola (D)
  Jory (D)
  A profane servitor (D)
  A Tzitzimitl (D)
  A Brimstone Fiend (D)
  An electric golem (D)
  A Hell Sentinel (D)
  2 Ice Fiends (D)
  A deep elf blademaster (D)
  A deep elf master archer (D)
  A titan (D)
  An Executioner (D)
  2 sphinxes (D)
  Gastronok (D)
  A draconian monk (D)
  A shadow dragon (D)
  A draconian knight (D)
  2 rockslimes (D)
  A fire giant (D)
  A frost giant (D)
  A deep elf sorcerer (D)
  2 orc warlords (D)
  An angel (D)
  A draconian shifter (D)
  A balrug (D)
  A war gargoyle (D)
  A reaper (D)
  A draconian annihilator (D)
  A deep elf demonologist (D)
  2 deep elf annihilators (D)
  A dire elephant (D)
  A red draconian (D)
  A white draconian (D)
  2 lorocyprocas (D)
  3 blizzard demons (D)
  A mummy priest (D)
  2 fire dragons (D)
  An ice dragon (D)
  Josephine (D)
  A yaktaur captain (D)
  2 vault guards (D)
  Harold (D)
  Erolcha (D)
  2 naga warriors (D)
  2 ogre magi (D)
  A catoblepas (D)
  An alligator (D)
  A death knight (D)
  A two-headed ogre (D)
  2 soul eaters (D)
  A vampire mage (D)
  4 deep elf knights (D)
  A hell knight (D)
  A sun demon (D)
  A sixfirhy (D)
  A bog body (D)
  4 wizards (D)
  2 flayed ghosts (D)
  A deep elf pyromancer (D)
  Pikel (D)
  A deep elf zephyrmancer (D)
  3 necromancers (D)
  A phantasmal warrior (D)
  A wolf spider (D)
  10 orc knights (D)
  2 ugly things (D)
  2 manticores (D)
  A cyclops (D)
  2 elephants (D)
  3 eyes of devastation (D)
  An elephant (shapeshifter) (D)
  A rust devil (D)
  A smoke demon (D)
  A hellion (D)
  Maurice (D)
  A cane toad (D)
  2 molten gargoyles (D)
  A tormentor (D)
  A komodo dragon (D)
  An efreet (D)
  2 ice devils (D)
  A merfolk (D)
  A red devil (D)
  A troll (D)
  A hornet (D)
  A tyrant leech (D)
  8 blink frogs (D)
  A snapping turtle (D)
  A jumping spider (D)
  3 air elementals (D)
  A vampire (D)
  2 water elementals (D)
  4 wraiths (D)
  A fire bat (D)
  A chaos spawn (D)
  3 vampire mosquitoes (D)
  A large abomination (D)
  A redback (D)
  3 floating eyes (D)
  An orc warrior (D)
  A sky beast (D)
  A swamp drake (D)
  5 wolves (D)
  2 ogres (D)
  A phantom (D)
  3 scorpions (D)
  4 wights (D)
  A hound (D)
  3 jellies (D)
  A gnoll bouda (D)
  2 iguanas (D)
  2 orc wizards (D)
  A hell rat (D)
  5 gnolls (D)
  A river rat (D)
  2 white imps (D)
  2 adder zombies (D)
  An orc (D)
  A ball python (D)
  A giant cockroach (D)
  A hobgoblin (D)
  2 jackals (D)
  A kobold (D)
  A quokka skeleton (D)
  2 rats (D)
213 creatures vanquished.

Vanquished Creatures (collateral kills)
  A sphinx (D)
  An emperor scorpion (D)
  A frost giant (D)
  A vampire knight (D)
  A two-headed ogre (D)
  An ogre mage (D)
  A hell knight (D)
  A wizard (D)
  A necromancer (D)
  An orc knight (D)
  A phantasmal warrior (D)
  A blink frog (D)
  A vampire mosquito (D)
  2 ogres (D)
  A centaur (D)
  A small abomination (D)
  A jackal (D)
18 creatures vanquished.

Vanquished Creatures (others)
  A vault guard (D)
  A hell knight (D)
  A deep troll (D)
  A snapping turtle (D)
  A floating eye (D)
  An ogre (D)
  An ufetubus (D)
7 creatures vanquished.

Grand Total: 238 creatures vanquished

Notes
Turn   | Place    | Note
-------+----------+-------------------------------------------
     0 | D        | mhtbhm the Gargoyle Fighter began the quest for the Orb.
     0 | D        | Reached XP level 1. HP: 14/14 MP: 1/1
    19 | D        | Noticed a scorpion
    50 | D        | Killed a scorpion
    51 | D        | Reached skill level 5 in Fighting
    51 | D        | Reached skill level 5 in Armour
    51 | D        | Reached skill level 5 in Shields
    51 | D        | Reached XP level 2. HP: 11/21 MP: 2/2
    51 | D        | Reached XP level 3. HP: 13/26 MP: 3/3
    51 | D        | Reached XP level 4. HP: 16/31 MP: 4/4
    55 | D        | Found a bloodstained altar of Trog.
    55 | D        | Found a shimmering blue altar of Sif Muna.
    55 | D        | Found a viscous altar of Jiyva.
    55 | D        | Found a hazy altar of Hepliaklqana.
    55 | D        | Found an opulent altar of Gozag.
    56 | D        | Found a glowing golden altar of the Shining One.
    56 | D        | Found a glowing silver altar of Zin.
    56 | D        | Found a basalt altar of Yredelemnul.
    56 | D        | Found a shimmering altar of Xom.
    56 | D        | Found an ornate altar of the Wu Jian Council.
    56 | D        | Found a sacrificial altar of Ru.
    56 | D        | Found a stormy altar of Qazlal.
    56 | D        | Found an iron altar of Okawaru.
    56 | D        | Found a sparkling altar of Nemelex Xobeh.
    56 | D        | Found a burning altar of Makhleb.
    56 | D        | Found a blossoming altar of Fedhas.
    56 | D        | Found a white marble altar of Elyvilon.
    56 | D        | Found a shadowy altar of Dithmenos.
    56 | D        | Found a snail-covered altar of Cheibriados.
    58 | D        | Found a radiant altar of Vehumet.
    58 | D        | Found a corrupted altar of Lugonu.
    59 | D        | Found a hide-covered altar of Uskayaw.
    59 | D        | Found an ancient bone altar of Kikubaaqudgha.
    59 | D        | Found a broken altar of Ashenzari.
    63 | D        | Became a worshipper of Qazlal Stormbringer
   214 | D        | Noticed a scorpion
   222 | D        | Killed a scorpion
   222 | D        | Reached * piety under Qazlal
   223 | D        | Reached skill level 5 in Maces & Flails
   223 | D        | Reached skill level 6 in Shields
   223 | D        | Reached XP level 5. HP: 23/36 MP: 5/5
   340 | D        | Reached ** piety under Qazlal
   430 | D        | Reached *** piety under Qazlal
   450 | D        | Noticed an ogre
   471 | D        | Killed an ogre
   472 | D        | Reached skill level 7 in Shields
   472 | D        | Reached XP level 6. HP: 36/44 MP: 6/6
   535 | D        | Reached **** piety under Qazlal
   563 | D        | Reached skill level 1 in Dodging
   588 | D        | Reached XP level 7. HP: 39/48 MP: 7/7
   656 | D        | Noticed Pikel
   684 | D        | Killed Pikel
   684 | D        | Reached ***** piety under Qazlal
   685 | D        | Reached skill level 10 in Maces & Flails
   685 | D        | Reached skill level 10 in Armour
   685 | D        | Reached skill level 8 in Shields
   685 | D        | Reached XP level 8. HP: 45/55 MP: 8/8
   783 | D        | Paralysed by a floating eye for 2 turns
   846 | D        | Noticed a deep troll
   846 | D        | Noticed a deep elf pyromancer
   858 | D        | Killed a deep troll
   859 | D        | Reached skill level 9 in Shields
   866 | D        | Killed a deep elf pyromancer
   867 | D        | Reached XP level 9. HP: 36/61 MP: 9/9
  1057 | D        | Noticed Erolcha
  1058 | D        | Noticed Josephine
  1081 | D        | Reached skill level 1 in Stealth
  1082 | D        | Reached skill level 10 in Shields
  1084 | D        | Reached ****** piety under Qazlal
  1085 | D        | Reached skill level 1 in Invocations
  1085 | D        | Killed Josephine
  1086 | D        | Reached skill level 10 in Fighting
  1089 | D        | Reached skill level 11 in Shields
  1094 | D        | Killed Erolcha
  1095 | D        | Reached XP level 10. HP: 18/68 MP: 2/11
  1420 | D        | Reached skill level 12 in Shields
  1467 | D        | Reached skill level 15 in Maces & Flails
  1636 | D        | Noticed a molten gargoyle
  1642 | D        | Noticed Harold
  1643 | D        | Killed a molten gargoyle
  1652 | D        | Noticed Maurice
  1670 | D        | Reached skill level 13 in Shields
  1687 | D        | Killed Harold
  1697 | D        | Killed Maurice
  1698 | D        | Reached XP level 11. HP: 57/76 MP: 14/14
  1783 | D        | Reached skill level 14 in Shields
  1783 | D        | Noticed an alligator
  1795 | D        | Killed an alligator
  1805 | D        | Paralysed by an air elemental for 1 turns
  1856 | D        | Noticed a phantasmal warrior
  1857 | D        | Noticed a manticore
  1881 | D        | Killed a phantasmal warrior
  1892 | D        | Killed a manticore
  2041 | D        | Noticed a flayed ghost
  2051 | D        | Reached skill level 15 in Shields
  2061 | D        | Killed a flayed ghost
  2062 | D        | Reached skill level 5 in Invocations
  2066 | D        | Reached skill level 15 in Armour
  2078 | D        | Reached skill level 16 in Shields
  2376 | D        | Noticed a sixfirhy
  2382 | D        | Killed a sixfirhy
  2383 | D        | Noticed a cyclops
  2394 | D        | Reached XP level 12. HP: 56/84 MP: 17/17
  2438 | D        | Reached skill level 5 in Stealth
  2438 | D        | Reached skill level 17 in Shields
  2793 | D        | Noticed a catoblepas
  2808 | D        | Killed a catoblepas
  2906 | D        | Noticed an emperor scorpion
  2906 | D        | Noticed a balrug
  2906 | D        | Noticed a fire giant
  2906 | D        | Noticed an ice dragon
  2906 | D        | Paralysed by an air elemental for 1 turns
  2908 | D        | Killed a balrug
  2921 | D        | Killed an emperor scorpion
  2922 | D        | Reached skill level 18 in Shields
  2925 | D        | Killed a fire giant
  2941 | D        | Reached skill level 10 in Invocations
  2960 | D        | Killed an ice dragon
  2964 | D        | Got the Spellbook of Septic Shifting
  2968 | D        | Got the ring of Seoz Fai {rF+ Will+ rCorr Str+4 Dex+4}
  3173 | D        | Noticed Gastronok
  3173 | D        | Noticed a frost giant
  3173 | D        | Noticed a sun demon
  3182 | D        | Noticed a war gargoyle
  3201 | D        | Noticed a vampire knight
  3214 | D        | Paralysed by something for 2 turns
  3216 | D        | Killed a vampire knight
  3217 | D        | Reached skill level 19 in Shields
  3221 | D        | Killed a frost giant
  3222 | D        | Reached XP level 13. HP: 38/91 MP: 4/21
  3262 | D        | Killed a war gargoyle
  3275 | D        | Reached skill level 20 in Shields
  3276 | D        | Killed Gastronok
  3297 | D        | Reached skill level 15 in Fighting
  3297 | D        | Reached skill level 1 in Throwing
  3561 | D        | Noticed an orc warlord
  3561 | D        | Noticed an orc warlord
  3562 | D        | Noticed a vault guard
  3563 | D        | Noticed a yaktaur captain
  3563 | D        | Noticed a vault guard
  3564 | D        | Noticed a frost giant
  3565 | D        | Noticed Margery
  3566 | D        | Noticed a vault guard
  3567 | D        | Killed a vault guard
  3567 | D        | Killed an orc warlord
  3567 | D        | Killed a yaktaur captain
  3568 | D        | Reached skill level 21 in Shields
  3577 | D        | Killed an orc warlord
  3578 | D        | Reached skill level 15 in Invocations
  3578 | D        | Gained mutation: Your large and strong wings let you fly.
                  | [Gargoyle growth]
  3578 | D        | Reached XP level 14. HP: 47/100 MP: 3/25
  3626 | D        | Killed a frost giant
  3627 | D        | Reached skill level 22 in Shields
  3627 | D        | Reached skill level 1 in Evocations
  3638 | D        | Killed Margery
  4142 | D        | Found the +3 warlock's mirror {reflect}
  4222 | D        | Noticed a Tzitzimitl
  4237 | D        | Killed a Tzitzimitl
  4435 | D        | Noticed a Hell Sentinel
  4469 | D        | Killed a Hell Sentinel
  4803 | D        | Reached skill level 23 in Shields
  4804 | D        | Noticed a reaper
  4818 | D        | Killed a reaper
  4927 | D        | Noticed a dire elephant
  4927 | D        | Noticed Wetigeop the pandemonium lord
  4927 | D        | Noticed an angel
  4928 | D        | Killed a dire elephant
  4928 | D        | Killed Wetigeop the pandemonium lord
  4976 | D        | Killed an angel
  5185 | D        | Noticed a rockslime
  5197 | D        | Killed a rockslime
  5202 | D        | Noticed Gaichus the pandemonium lord
  5218 | D        | Killed Gaichus the pandemonium lord
  5219 | D        | Reached XP level 15. HP: 110/110 MP: 18/27
  5342 | D        | Reached skill level 24 in Shields
  5344 | D        | Noticed a titan
  5364 | D        | Killed a titan
  5376 | D        | Noticed a rockslime
  5389 | D        | Killed a rockslime
  5504 | D        | Noticed an Ice Fiend
  5517 | D        | Killed an Ice Fiend
  5572 | D        | Noticed Nikola
  5580 | D        | Killed Nikola
  5805 | D        | Noticed a sphinx
  5812 | D        | Noticed a sphinx
  5824 | D        | Killed a sphinx
  5834 | D        | HP: 5/113 [sphinx/divine providence (14)]
  5839 | D        | Killed a sphinx
  6189 | D        | Noticed a deep elf sorcerer
  6189 | D        | Noticed an ancient lich
  6191 | D        | Noticed a sphinx
  6194 | D        | Noticed a profane servitor
  6195 | D        | Noticed a green draconian monk
  6199 | D        | Noticed a deep elf blademaster
  6200 | D        | Noticed a purple draconian shifter
  6201 | D        | Noticed a balrug
  6204 | D        | Killed a sphinx
  6205 | D        | Reached skill level 25 in Shields
  6207 | D        | Noticed a cacodemon
  6207 | D        | Killed an ancient lich
  6229 | D        | Killed a green draconian monk
  6229 | D        | Killed a purple draconian shifter
  6229 | D        | Killed a deep elf sorcerer
  6230 | D        | Reached skill level 10 in Stealth
  6239 | D        | Killed a profane servitor
  6240 | D        | Killed a deep elf blademaster
  6659 | D        | Got Hiyth's Codex of the Blizzard
  6664 | D        | Got the Atlas of Translocated Battle Magic
  6670 | D        | Got the Dissertation on Beguiling
  6676 | D        | Got the Discursus on Quantum Charms
  6680 | D        | Got Sif Muna's Dissertation on Gritty Flames
  6740 | D        | Got the ring of Eckorol {rPois Str+2}
  6742 | D        | Got the ring of the Inviting Gods {+Blink rPois rN+ SInv}
  6744 | D        | Got the ring "Ahuas" {rF+ Will+ Dex+4 SInv}
  6746 | D        | Got the ring "Baff" {rPois rF+ Int+4}
  6748 | D        | Got the ring "Ypnui" {rPois rN+ Str-3 Int+4 Dex+3 Slay+5}
  6750 | D        | Got the ring of Lust {rN++ Will+}
  6753 | D        | Got the ring "Calipif" {rPois Dex+6 Slay+3}
  6755 | D        | Got the ring "Dafuexoe" {*Slow Will+ rCorr Int+3}
  6757 | D        | Got the ring of Lugonu's Delight {rElec rPois rC++ Will+
                  | Str+6}
  6759 | D        | Got the ring "Xail" {rElec rF+ Will+ Dex+2 SInv}
  6761 | D        | Got the ring of Gluttony {rPois Will+}
  6763 | D        | Got the ring "Xesugiame" {*Corrode rN+ Int+4 Dex+4}
  6767 | D        | Got the ring of Gin and Tonic {rPois rF+ rC+ rN+ Stlth-}
  6769 | D        | Got the ring "Piuralu" {Drain rElec rF+ Will+ Str+7}
  6783 | D        | Got the amulet "Makhla Mowex" {Reflect rC+ Will+ Str+2
                  | SH+5}
  6785 | D        | Got the amulet of Temptation {Reflect *Slow rPois Int+4
                  | SH+5 SInv}
  6787 | D        | Got the ring of Asypromm {Str+4 Dex+6 Slay+5}
  6789 | D        | Got the ring "Tiufun" {MP+9 Int+2}
  6792 | D        | Got the amulet of Fieziate {Faith +Blink rF- Str+2}
  6794 | D        | Got the ring of Siowkio {Str+2 Slay+5 Stlth+}
  6796 | D        | Got the amulet "Yfabiuth" {RegenMP Str+7 Int-2}
  6798 | D        | Got the amulet "Nociv" {RegenMP Drain rF+++ Int-2 Slay+6}
  6800 | D        | Got the ring "Weumn" {rC+ Will- MP+9 Int+5}
  6802 | D        | Got the amulet "Ijarih Zihu" {Faith Fragile rN+++ Str+4
                  | Dex-4 Slay+3}
  6805 | D        | Got the amulet "Ynoabemu" {Faith -Cast rElec rPois rF+}
  6807 | D        | Got the amulet "Tuhynkug" {Spirit Int+2}
  6810 | D        | Got the ring of Voiwufe {Fly rCorr Dex+4}
  6812 | D        | Got the ring of Sunoliov {Int+2 Slay+5}
  6907 | D        | Noticed Mara
  6913 | D        | Noticed mhtbhm's illusion
  6942 | D        | Noticed mhtbhm's illusion
  6973 | D        | Killed Mara
  6974 | D        | Reached skill level 26 in Shields
  6974 | D        | Reached XP level 16. HP: 122/122 MP: 29/29
  6980 | D        | Noticed an ancient lich
  7006 | D        | Killed an ancient lich
  7034 | D        | Noticed an electric golem
  7068 | D        | Killed an electric golem
  7348 | D        | Noticed an Ice Fiend
  7362 | D        | Killed an Ice Fiend
  7363 | D        | Reached skill level 27 in Shields
  7465 | D        | Noticed Mennas
  7596 | D        | Killed Mennas
  7847 | D        | Noticed Cugrit the pandemonium lord
  7867 | D        | Killed Cugrit the pandemonium lord
  7913 | D        | Noticed Jory
  7930 | D        | Killed Jory
  8015 | D        | Noticed a shadow dragon
  8034 | D        | Killed a shadow dragon
  8137 | D        | Noticed a Brimstone Fiend
  8150 | D        | Killed a Brimstone Fiend
  8501 | D        | Noticed a deep elf master archer
  8501 | D        | Noticed an Executioner
  8504 | D        | Killed an Executioner
  8509 | D        | Killed a deep elf master archer
  8590 | D        | Noticed a royal mummy
  8604 | D        | Killed a royal mummy
  8770 | D        | Noticed a royal mummy
  8771 | D        | Noticed a golden dragon
  8799 | D        | Killed a golden dragon
  8807 | D        | Killed a royal mummy
  9186 | D        | Noticed Ignacio
  9209 | D        | HP: 6/128 [Ignacio/+3 executioner's axe of pain (13)]
  9209 | D        | HP: 1/128 [Ignacio/+3 executioner's axe of pain (5)]
  9209 | D        | Slain by Ignacio

Illustrated notes

Levels and vault maps discovered:
D:        pitsprint [storerooms_1, entrance_room_1, metal_vault_3, armoury_3,
          mini_pit_1, grid_room_1, main_hall_1, silver_pit, the_coven_1,
          the_vestibule_1, steel_vault_2, golden_pit, hallway_of_sentries,
          crystal_vault_1, iron_vault_2, final_vault]

Skill      XL: |  1  2  3  4  5  6  7  8  9 10 11 12 13 14 15 16 |
---------------+-------------------------------------------------+-----
Fighting       | 5 6 7 8 9 10 11 13 14 16 18 21 24 | 24.6
Maces & Flails | 3 5 6 8 10 12 14 15 16 17 18 19 21 23 | 23.7
Armour         | 5 6 8 9 10 11 12 14 15 16 17 19 21 23 | 23.5
Shields        | 5 6 7 8 9 11 13 16 19 21 23 26 27 | 27.0
Dodging        | 1 2 3 4 |  4.8
Stealth        | 1 4 5 6 9 11 12 | 12.6
Invocations    | 2 4 7 11 15 17 18 19 | 19.6
Throwing       | 1 2 |  2.1
Evocations     | 3 |  3.7

Action                   |  1- 3 |  4- 6 |  7- 9 | 10-12 | 13-15 | 16-18 || total
-------------------------+-------+-------+-------+-------+-------+-------++-------
Melee: Flail             |    29 |       |       |       |       |       ||    29
       Mace              |       |    64 |    90 |   242 |       |       ||   396
       Morningstar       |       |       |       |   119 |       |       ||   119
       Demon whip        |       |       |       |    42 |   514 |   340 ||   896
Throw: Throwing net      |       |       |       |     1 |     2 |       ||     3
Invok: Upheaval          |       |       |     3 |     4 |       |     8 ||    15
       Elemental Force   |       |       |       |     7 |     6 |     2 ||    15
       Disaster Area     |       |       |       |     3 |     7 |       ||    10
 Abil: Evoke Blink       |       |       |       |       |       |     1 ||     1
Evoke: Wand              |       |       |       |       |     6 |       ||     6
  Use: Potion            |     1 |     1 |     1 |    10 |    27 |    10 ||    50
       Scroll            |       |       |       |     2 |     3 |     5 ||    10
 Stab: Confused          |       |       |       |     3 |       |       ||     3
       Distracted        |       |       |       |     1 |     2 |     1 ||     4
       Paralysed         |       |       |       |     1 |     5 |       ||     6
       Invisible         |       |       |       |       |     2 |       ||     2
       Held in net/web   |       |       |       |       |     1 |       ||     1
Armor: Scale mail        |    11 |    11 |       |       |       |       ||    22
       Chain mail        |       |    17 |    25 |       |       |       ||    42
       Plate armour      |       |       |    20 |   158 |    29 |       ||   207
       Gold dragon scale |       |       |       |       |   127 |   132 ||   259
Dodge: Dodged            |    14 |    18 |    20 |   116 |    89 |    34 ||   291
       Repelled          |       |       |     1 |     5 |     5 |       ||    11
Block: Buckler           |    13 |    13 |    41 |   262 |   290 |   284 ||   903
       Reflection        |       |       |       |       |    19 |    19 ||    38

Table legend: (Time is in decaauts)
 A = Elapsed time spent in this place.
 B = Non-inter-level travel time spent in this place.
 C = Inter-level travel time spent in this place.
 D = Time resting spent in this place.
 E = Time spent auto-exploring this place.
 F = Levels seen in this place.
 G = Mean time per level.
                   A        B        C        D        E       F      G
               +--------+--------+--------+--------+--------+-----+--------+
         Total |   8617 |   8617 |      0 |   5380 |    342 |   1 | 8617.0 |
       Dungeon |   8617 |   8617 |      0 |   5380 |    342 |   1 | 8617.0 |
               +--------+--------+--------+--------+--------+-----+--------+

Top non-repeatable levels by time:
       D: 8617 daAuts
